[Event "Titled Tuesday Blitz March 08 Late 2022"]
[White "Nikologorsky, Matfei"]
[Black "Shuvalova, Polina"]
[WhiteFideId "24102474"]
[BlackFideId "24171760"]
[WhiteElo "2231"]
[BlackElo "2355"]
[Result "1/2-1/2"]
[Round "10"]
[TimeControl "180+1"]
[Date "2022.03.08"]
[WhiteClock "0:00:10"]
[BlackClock "0:00:16"]

1. e4 c5 2. Nf3 d6 3. d4 cxd4 4. Nxd4 Nf6 5. Nc3 Nc6 6. Bg5 Bd7 7. Nb3 e6 8. f4 h6 9. Bh4 Be7 10. Bf2 O-O 11. Qe2 a5 12. a4 Rc8 13. g4 d5 14. e5 Ne4 15. Nxe4 dxe4 16. Bg2 Nb4 17. Bxe4 Bc6 18. Rd1 Qc7 19. c3 Bxa4 20. Nd4 Bxd1 21. Qxd1 Nd5 22. Bxd5 exd5 23. O-O Bc5 24. Qf3 Rcd8 25. Re1 Rfe8 26. Nb5 Qb6 27. Bxc5 Qxc5+ 28. Nd4 b5 29. Kg2 b4 30. Nf5 bxc3 31. bxc3 a4 32. g5 hxg5 33. fxg5 Re6 34. Rf1 Qc7 35. Nd6 Rxe5 36. Nxf7 Rde8 37. Nxe5 Qxe5 38. Qf7+ Kh8 39. Qh5+ Kg8 40. Qf7+ Kh8 41. Qh5+ Kg8 42. Qf7+ 1/2-1/2


[Site "https://www.chess.com"]

[Event "Titled Tuesday Blitz March 08 Late 2022"]
[White "Osmonbekov, Talaibek"]
[Black "Silva, Miguel Antonio Neto"]
[WhiteFideId "2017253"]
[BlackFideId "1911929"]
[WhiteElo "2135"]
[BlackElo "2204"]
[Result "0-1"]
[Round "10"]
[TimeControl "180+1"]
[Date "2022.03.09"]
[WhiteClock "0:00:01"]
[BlackClock "0:00:07"]

1. Nf3 Nf6 2. d4 d5 3. Bf4 c5 4. e3 Nc6 5. Nc3 Bg4 6. Be2 e6 7. O-O Be7 8. Re1 O-O 9. Ne5 Bxe2 10. Rxe2 cxd4 11. exd4 Bb4 12. Re3 Qb6 13. Ne2 Rac8 14. c3 Be7 15. Rb1 Nxe5 16. dxe5 Nh5 17. Bg3 Rc4 18. Nd4 Bc5 19. Qxh5 Bxd4 20. cxd4 Qxd4 21. Qe2 Rfc8 22. h3 Rc2 23. Qb5 R2c7 24. Qd3 Qa4 25. Qb3 Qa6 26. Rc3 b6 27. Rbc1 Rxc3 28. Rxc3 Rc4 29. Rxc4 dxc4 30. Qd1 h6 31. a3 Qc8 32. Bf4 Qc6 33. Qd4 a5 34. Be3 b5 35. Bd2 a4 36. f3 h5 37. Kf2 g6 38. Qd8+ Kh7 39. Qe7 Kg8 40. Bg5 Qd5 41. Bf6 Qd2+ 42. Kg3 h4+ 0-1


[Site "https://www.chess.com"]

[Event "Titled Tuesday Blitz March 08 Late 2022"]
[White "Paravyan, David"]
[Black "Vakhlamov, Igor L."]
[WhiteFideId "4194985"]
[BlackFideId "24126748"]
[WhiteElo "2569"]
[BlackElo "2401"]
[Result "1-0"]
[Round "10"]
[TimeControl "180+1"]
[Date "2022.03.08"]
[WhiteClock "0:01:25"]
[BlackClock "0:00:00"]

1. e4 c5 2. Nf3 Nc6 3. d4 cxd4 4. Nxd4 g6 5. c4 Nf6 6. Nc3 d6 7. f3 Nxd4 8. Qxd4 Bg7 9. Be3 O-O 10. Qd2 Be6 11. Rc1 Qa5 12. b3 Rfc8 13. Be2 a6 14. Na4 Qxd2+ 15. Kxd2 Nd7 16. g4 f5 17. exf5 gxf5 18. g5 d5 19. cxd5 Bxd5 20. Nc3 Bc6 21. Rhd1 Ne5 22. f4 Nf3+ 23. Kc2 Be4+ 24. Kb2 b5 25. a3 Rc6 26. Bxf3 Bxf3 27. Rd7 Rac8 28. Bd4 Bf8 29. Rf1 Bg4 30. Rf2 R6c7 31. Rxc7 Rxc7 32. Be5 Rd7 33. Kc2 Kf7 34. h3 Bh5 35. Rd2 Rxd2+ 36. Kxd2 e6 37. b4 Bf3 38. Ke3 Bc6 39. Ne2 Bd5 40. h4 Kg6 41. Ng3 a5 42. h5+ Kf7 43. Bc3 a4 44. Nf1 1-0


[Site "https://www.chess.com"]

[Event "Titled Tuesday Blitz March 08 Late 2022"]
[White "Pavlidou, Ekaterini"]
[Black "Bellissimo, Joseph F."]
[WhiteFideId "4213262"]
[BlackFideId "2609843"]
[WhiteElo "2127"]
[BlackElo "2061"]
[Result "1-0"]
[Round "10"]
[TimeControl "180+1"]
[Date "2022.03.09"]
[WhiteClock "0:00:24"]
[BlackClock "0:00:15"]

1. d4 Nf6 2. c4 e6 3. Nc3 Bb4 4. a3 Bxc3+ 5. bxc3 O-O 6. f3 d6 7. e4 e5 8. Bd3 Nc6 9. Ne2 b6 10. O-O Ba6 11. Bg5 h6 12. Bh4 Na5 13. Ng3 g5 14. Nf5 gxh4 15. Qd2 Ne8 16. Nxh6+ Kh8 17. f4 Nxc4 18. Qe2 Qf6 19. Nf5 b5 20. fxe5 Qg6 21. a4 Bc8 22. axb5 Nb6 23. Rf4 Bxf5 24. Rxh4+ Qh7 25. Qf2 Qxh4 26. Qxh4+ Bh7 27. Qe7 Rg8 28. Rf1 Bg6 29. exd6 Nxd6 30. Qxc7 Rad8 31. e5 Bxd3 32. Rf4 Nf5 33. Qxf7 Rg7 34. Qh5+ Kg8 35. Rxf5 Bxf5 36. Qxf5 Nd5 37. Qe6+ Kh8 38. c4 Rxg2+ 39. Kh1 Rg7 40. cxd5 Rdg8 41. Qh6+ Rh7 42. Qf6+ Rhg7 43. h4 Kh7 44. Qf5+ Kh6 45. Qf4+ Kh5 46. Kh2 Rg4 47. Qf7+ Kxh4 48. Qh7+ Kg5 49. Qxg8+ Kf4 50. Qxg4+ Kxg4 51. e6 Kf5 52. e7 Ke4 53. e8=Q+ Kxd4 54. Qc6 Ke5 55. d6 Ke6 56. d7+ Ke7 57. d8=Q+ Kxd8 58. Kg3 Ke7 59. Kf4 Kd8 60. Kf5 Ke7 61. Qb7+ Kd6 62. Qxa7 Kd5 63. Kf6 Kc4 64. Qc7+ Kxb5 65. Ke5 Ka6 66. Kd5 Kb5 67. Qb8+ Ka6 68. Kc4 Ka5 69. Qb5# 1-0


[Site "https://www.chess.com"]

[Event "Titled Tuesday Blitz March 08 Late 2022"]
[White "Petrova, Irina"]
[Black "Mkrtchyan, Mariam"]
[WhiteFideId "14124122"]
[BlackFideId "13310828"]
[WhiteElo "1993"]
[BlackElo "1984"]
[Result "0-1"]
[Round "10"]
[TimeControl "180+1"]
[Date "2022.03.09"]
[WhiteClock "0:00:02"]
[BlackClock "0:00:14"]

1. e4 c6 2. d4 d5 3. e5 Bf5 4. h4 h5 5. c4 e6 6. Nc3 Ne7 7. Bg5 Qb6 8. Qd2 Nd7 9. Bxe7 Bxe7 10. cxd5 cxd5 11. Nf3 O-O 12. Bb5 Nb8 13. O-O a6 14. Bd3 Bxd3 15. Qxd3 Nc6 16. b3 Rac8 17. Ne2 Nb4 18. Qd2 Rc2 19. Qe3 Rfc8 20. Ng3 g6 21. Rac1 Nxa2 22. Rxc2 Rxc2 23. Ng5 Qd8 24. Nxe6 fxe6 25. Qd3 Rc7 26. Qxg6+ Kf8 27. Nxh5 Bxh4 28. Qxe6 Nc3 29. Qh6+ Ke7 30. Qg7+ Ke8 31. Qg8+ Kd7 32. Qg4+ Kc6 33. Qe6+ Kb5 34. Qh3 Bg5 35. Qd3+ Kb6 36. Qg6+ Ka7 37. Nf6 Bxf6 38. exf6 Rc6 39. Qg7 Qxf6 40. Qg3 Ne2+ 0-1


[Site "https://www.chess.com"]

[Event "Titled Tuesday Blitz March 08 Late 2022"]
[White "Pichot, Alan"]
[Black "Goltseva, Ekaterina"]
[WhiteFideId "110973"]
[BlackFideId "24173770"]
[WhiteElo "2579"]
[BlackElo "2140"]
[Result "1-0"]
[Round "10"]
[TimeControl "180+1"]
[Date "2022.03.08"]
[WhiteClock "0:00:52"]
[BlackClock "0:00:02"]

1. c4 Nf6 2. Nc3 e6 3. e4 e5 4. Nf3 Nc6 5. a3 Bc5 6. b4 Bd4 7. Qc2 d6 8. Be2 Bxc3 9. dxc3 h6 10. O-O O-O 11. Re1 Ne7 12. h3 Ng6 13. Be3 Qe7 14. Rad1 b6 15. c5 dxc5 16. bxc5 Bb7 17. Nd2 Rfd8 18. Bf1 Nh5 19. a4 Bc6 20. a5 bxa5 21. Nc4 Nf6 22. f3 Bb5 23. Nxa5 Bxf1 24. Nc6 Qe8 25. Rxd8 Rxd8 26. Nxd8 Ba6 27. Rd1 Nd7 28. Qa4 Bc8 29. Qxa7 Qxd8 30. c6 Kh7 31. cxd7 Bxd7 32. Qa4 Nf8 33. Qc4 Qe8 34. Qxc7 Be6 35. Qxe5 Nd7 36. Qd4 Qe7 37. c4 Nf6 38. c5 Qc7 39. Qd6 Qb7 40. Bd4 Nh5 41. c6 Qb3 42. Bf2 Bxh3 43. gxh3 Qxf3 44. Qd3 Qf6 45. e5+ Qg6+ 46. Qxg6+ Kxg6 47. c7 1-0


[Site "https://www.chess.com"]

[Event "Titled Tuesday Blitz March 08 Late 2022"]
[White "Piesik, Piotr"]
[Black "Rorrer, Grayson"]
[WhiteFideId "1136194"]
[BlackFideId "30944996"]
[WhiteElo "2190"]
[BlackElo "2122"]
[Result "0-1"]
[Round "10"]
[TimeControl "180+1"]
[Date "2022.03.08"]
[WhiteClock "0:00:13"]
[BlackClock "0:00:24"]

1. Nf3 Nf6 2. g3 d5 3. Bg2 c6 4. O-O Bg4 5. d3 e6 6. Nbd2 Be7 7. e4 O-O 8. h3 Bh5 9. Qe2 a5 10. a4 Re8 11. Nb3 Na6 12. Bg5 h6 13. Bf4 c5 14. Nbd2 Nb4 15. Rac1 Nc6 16. g4 Bg6 17. Ne5 Nxe5 18. Bxe5 d4 19. Nc4 Nd7 20. Bg3 Nb6 21. Ne5 Bh7 22. b3 Bd6 23. f4 Qc7 24. h4 Nd7 25. Nxd7 Qxd7 26. e5 Bf8 27. h5 Rab8 28. Ra1 Kh8 29. g5 Bf5 30. Kh2 Be7 31. gxh6 gxh6 32. Be4 Bxe4 33. Qxe4 Rg8 34. Rg1 Rg7 35. Bf2 Rbg8 36. Rxg7 Rxg7 37. Rg1 Rxg1 38. Kxg1 Kg7 39. Qg2+ Kh8 40. Qg4 Qd8 41. Kg2 b6 42. Qf3 Bh4 43. Bg1 Be1 44. Kf1 Bd2 45. Ke2 Bc1 46. Bf2 f5 47. exf6 Qxf6 48. Bg3 Kg7 49. Qb7+ Kh8 50. Qxb6 Bxf4 51. Bxf4 Qxf4 52. Qxe6 Qh2+ 53. Kf1 Qh1+ 54. Kf2 Qh2+ 55. Kf1 Qh1+ 56. Kf2 Qh4+ 57. Kg2 Qg5+ 58. Kf1 Qxh5 59. Qc8+ Kg7 60. Qc7+ Qf7+ 61. Qxf7+ Kxf7 62. Kf2 Ke6 63. Kg3 Kf5 64. Kh4 Kf4 65. Kh5 Ke3 66. Kxh6 Kd2 67. Kg5 Kxc2 68. Kf4 Kxd3 0-1


[Site "https://www.chess.com"]

[Event "Titled Tuesday Blitz March 08 Late 2022"]
[White "Przybylski, Wojciech"]
[Black "Gerbelli Neto, Eduardo"]
[WhiteFideId "1117599"]
[BlackFideId "2103281"]
[WhiteElo "2133"]
[BlackElo "2178"]
[Result "1-0"]
[Round "10"]
[TimeControl "180+1"]
[Date "2022.03.09"]
[WhiteClock "0:02:15"]
[BlackClock "0:02:13"]

1. d4 d5 2. c4 c6 3. Nc3 dxc4 4. e4 b5 5. Nf3 Nf6 6. e5 Nd5 7. g3 e6 8. Bg2 Be7 9. O-O O-O 10. a4 Nxc3 11. bxc3 Bb7 12. Qc2 Nd7 13. axb5 cxb5 14. Ng5 Bxg5 15. Bxb7 Rb8 16. Be4 h6 17. f4 Be7 18. f5 exf5 19. Bxf5 Nb6 20. Rxa7 Nd5 21. Rd7 1-0


[Site "https://www.chess.com"]

[Event "Titled Tuesday Blitz March 08 Late 2022"]
[White "Qashashvili, Alexandre"]
[Black "Rudzinska, Michalina"]
[WhiteFideId "13600842"]
[BlackFideId "1172883"]
[WhiteElo "2316"]
[BlackElo "1904"]
[Result "0-1"]
[Round "10"]
[TimeControl "180+1"]
[Date "2022.03.09"]
[WhiteClock "0:00:19"]
[BlackClock "0:00:12"]

1. e3 c5 2. d4 e6 3. Nf3 b6 4. c3 Bb7 5. Bd3 Nf6 6. O-O d6 7. Re1 Nbd7 8. e4 Be7 9. Bg5 cxd4 10. cxd4 e5 11. dxe5 dxe5 12. Bb5 O-O 13. Nc3 a6 14. Bxf6 Nxf6 15. Bc4 b5 16. Bd5 Bxd5 17. Nxd5 Nxd5 18. Qxd5 Qxd5 19. exd5 f6 20. Rac1 Rfd8 21. Red1 Rac8 22. Rxc8 Rxc8 23. d6 Rd8 24. d7 Kf7 25. a4 b4 26. Kf1 Ke6 27. Rc1 Rxd7 28. Ke2 Rd5 29. Rc6+ Rd6 30. Rc7 Rb6 31. Nd2 b3 32. Rc3 Rb4 33. a5 Rb5 34. Nxb3 Kd5 35. Kd3 Bd8 36. Kc2 Bxa5 37. Rd3+ Ke6 38. Nxa5 Rxa5 39. Rb3 Rb5 40. Ra3 Rb6 41. Ra5 f5 42. Kc3 g5 43. b4 Kd6 44. Kc4 h5 45. Rd5+ Ke6 46. Ra5 Rc6+ 47. Kd3 Rd6+ 48. Ke3 f4+ 49. Ke2 Kf5 50. f3 g4 51. h3 gxh3 52. gxh3 Rb6 53. Ra4 Kg5 54. Ra5 Kh4 55. Rxe5 Rxb4 56. Ra5 Rb2+ 57. Kd3 Kg3 58. Rxh5 Kxf3 59. Rh6 Ra2 60. Kc3 Kf2 61. Kb3 Ra1 62. Rf6 f3 63. h4 Kg2 64. h5 f2 65. h6 f1=Q 66. Rg6+ Kf3 67. Rf6+ Ke4 68. Rxf1 Rxf1 69. h7 Rh1 70. Kb4 Rxh7 71. Kc5 Rh6 72. Kb4 Kd5 73. Ka5 Kc5 74. Ka4 Kb6 75. Kb4 Rh4+ 76. Kc3 Kb5 77. Kb2 a5 78. Ka3 a4 79. Kb2 Rh3 80. Kc2 Kb4 81. Kd2 a3 82. Ke2 a2 83. Kf2 Rb3 84. Kg2 a1=Q 85. Kf2 Qa2+ 86. Ke1 Rb1# 0-1


[Site "https://www.chess.com"]

[Event "Titled Tuesday Blitz March 08 Late 2022"]
[White "Rastbod, Ali"]
[Black "Rostovtsev, Dmitry"]
[WhiteFideId "12567477"]
[BlackFideId "34278320"]
[WhiteElo "2200"]
[BlackElo "2359"]
[Result "1-0"]
[Round "10"]
[TimeControl "180+1"]
[Date "2022.03.08"]
[WhiteClock "0:00:06"]
[BlackClock "0:00:45"]

1. c4 Nf6 2. Nc3 g6 3. g3 Bg7 4. Bg2 O-O 5. Nf3 d6 6. d4 Nc6 7. O-O e5 8. dxe5 dxe5 9. Bg5 h6 10. Qxd8 Rxd8 11. Bxf6 Bxf6 12. Nd5 Kg7 13. Nxc7 Rb8 14. Rfd1 e4 15. Nd2 e3 16. fxe3 Bxb2 17. Rab1 Be5 18. Nd5 Be6 19. Ne4 b6 20. Nf2 Rbc8 21. Nd3 Bd6 22. Rdc1 Na5 23. c5 bxc5 24. e4 c4 25. N3b4 Bc5+ 26. Kh1 Bg4 27. Bf3 Be6 28. Na6 Bd4 29. Rb5 Nc6 30. Rxc4 Be5 31. Rbc5 Nd4 32. Rxc8 Bxc8 33. Nab4 Be6 34. Nc6 Nxc6 35. Rxc6 Rb8 36. Kg2 Rb2 37. Ra6 Bd4 38. a4 h5 39. Nf4 Bc4 40. Rc6 Bb3 41. a5 Ra2 42. a6 Ba4 43. Rc7 Bb3 44. Rc6 Rc2 45. Rd6 Bb6 46. e5 Bc5 47. Rd7 Kf8 48. e6 fxe6 49. Nxg6+ Ke8 50. Rb7 Kd8 51. Rxb3 Bb6 52. Rxb6 1-0


[Site "https://www.chess.com"]

[Event "Titled Tuesday Blitz March 08 Late 2022"]
[White "Risteski, Emil"]
[Black "Mirzoev, Azer"]
[WhiteFideId "15005267"]
[BlackFideId "13400304"]
[WhiteElo "2070"]
[BlackElo "2525"]
[Result "0-1"]
[Round "10"]
[TimeControl "180+1"]
[Date "2022.03.08"]
[WhiteClock "0:00:20"]
[BlackClock "0:00:14"]

1. e4 e6 2. d3 d5 3. Nd2 Nc6 4. Ngf3 Nf6 5. Be2 Be7 6. O-O O-O 7. c3 a5 8. Re1 b6 9. e5 Nd7 10. d4 Ba6 11. Bxa6 Rxa6 12. Nf1 a4 13. Ng3 Na5 14. Qd2 c5 15. Qf4 Re8 16. Qg4 Nf8 17. h4 Nc6 18. h5 f5 19. exf6 Bxf6 20. h6 g6 21. Nh5 Bh8 22. Qg3 cxd4 23. Bg5 Qb8 24. Bf4 e5 25. Rxe5 Nxe5 26. Nxe5 Bxe5 27. Nf6+ Kf7 28. Bxe5 Qxe5 29. Nxe8 Qxg3 30. fxg3 Kxe8 31. cxd4 Ra7 32. Rc1 Kd7 33. Rf1 Ke7 34. Re1+ Ne6 35. Rd1 Rc7 36. Rd2 Rc4 37. Kh2 Rxd4 38. Rf2 Rd1 39. Rc2 d4 40. Rc6 d3 41. Rxb6 d2 42. Rb7+ Kf6 43. Rxh7 Rc1 44. Rd7 d1=Q 45. h7 Qh1# 0-1


[Site "https://www.chess.com"]

[Event "Titled Tuesday Blitz March 08 Late 2022"]
[White "Romero Ruscalleda, Josep"]
[Black "Mickiewicz, Piotr"]
[WhiteFideId "2231859"]
[BlackFideId "1114891"]
[WhiteElo "2340"]
[BlackElo "2266"]
[Result "0-1"]
[Round "10"]
[TimeControl "180+1"]
[Date "2022.03.09"]
[WhiteClock "0:00:01"]
[BlackClock "0:00:13"]

1. e4 c5 2. c3 e6 3. d4 d5 4. e5 Qb6 5. Bd3 Bd7 6. dxc5 Bxc5 7. Qe2 a5 8. Nf3 Nc6 9. O-O Nge7 10. Nbd2 Ng6 11. Nb3 a4 12. Nxc5 Qxc5 13. h4 h6 14. h5 Nge7 15. Be3 Qa5 16. Rab1 O-O 17. Rfc1 f5 18. exf6 Rxf6 19. b4 Qc7 20. b5 Ne5 21. Nxe5 Qxe5 22. Bd4 Qxe2 23. Bxe2 Rf7 24. c4 Nf5 25. Be5 Ne7 26. Bf3 Rxf3 27. gxf3 dxc4 28. Rxc4 Nd5 29. b6 Be8 30. Rbc1 Ra6 31. Rc8 Kf7 32. Bd4 Ke7 33. Bxg7 Bxh5 34. Bxh6 Bxf3 35. Bg5+ Kf7 36. R8c7+ Kg6 37. Be3 Nxe3 38. fxe3 Rxb6 39. Re7 Bd5 40. Rcc7 Rb2 41. Rg7+ Kf5 42. a3 Ke4 43. Rg3 Rb3 44. Kf2 Rxa3 45. Rc1 Ra2+ 46. Ke1 a3 47. Rb1 Rb2 48. Rd1 a2 49. Rd4+ Ke5 0-1


[Site "https://www.chess.com"]

[Event "Titled Tuesday Blitz March 08 Late 2022"]
[White "Rosen, Eric"]
[Black "Celestino, Rafael Teixeira"]
[WhiteFideId "2032562"]
[BlackFideId "2108925"]
[WhiteElo "2362"]
[BlackElo "2311"]
[Result "1-0"]
[Round "10"]
[TimeControl "180+1"]
[Date "2022.03.09"]
[WhiteClock "0:01:31"]
[BlackClock "0:01:57"]

1. d4 d5 2. Bf4 Nf6 3. e3 e6 4. Nf3 Bd6 5. Ne5 Ne4 6. Nd2 f5 7. Nxe4 dxe4 8. Qh5+ g6 9. Nxg6 Bxf4 10. Nxh8+ Kd7 11. Qxh7+ Kc6 12. Nf7 Qd5 13. exf4 Qxd4 14. Ne5+ Kb6 15. Rd1 Qb4+ 16. c3 Qa5 17. Nc4+ 1-0


[Site "https://www.chess.com"]

[Event "Titled Tuesday Blitz March 08 Late 2022"]
[White "Salimova, Nurgyul"]
[Black "Papasimakopoulos, Alexandros"]
[WhiteFideId "2915138"]
[BlackFideId "4244125"]
[WhiteElo "2185"]
[BlackElo "2340"]
[Result "1-0"]
[Round "10"]
[TimeControl "180+1"]
[Date "2022.03.08"]
[WhiteClock "0:00:07"]
[BlackClock "0:00:28"]

1. e4 e6 2. d4 d5 3. Nc3 Bb4 4. e5 b6 5. a3 Bf8 6. h4 Ne7 7. h5 h6 8. Qg4 Ba6 9. Bxa6 Nxa6 10. Nf3 Qd7 11. b4 c5 12. bxc5 bxc5 13. dxc5 Nxc5 14. O-O Nf5 15. Ne2 Be7 16. Ned4 O-O 17. Nxf5 exf5 18. Qd4 Ne6 19. Qd3 Ng5 20. Rd1 Rfd8 21. Bxg5 hxg5 22. Nd4 f4 23. h6 Bc5 24. hxg7 Bxd4 25. Qxd4 Rac8 26. Rd2 Rc4 27. Qd3 Re4 28. Rad1 Rxe5 29. c4 Rde8 30. Qf1 g4 31. Rxd5 Rxd5 32. Rxd5 Qe6 33. Rd4 Qe5 34. Qd1 g3 35. Rd8 Rxd8 36. Qxd8+ Kxg7 37. Qd1 Qc5 38. Qg4+ Kf8 39. Qxf4 gxf2+ 40. Qxf2 Qxa3 41. Qd4 a5 42. c5 a4 43. Qd8+ Kg7 44. Qg5+ Kf8 45. Qh6+ Ke7 46. Qd6+ Ke8 47. Qb8+ Kd7 48. Qb7+ Ke6 49. c6 Qc5+ 50. Kh2 Qe5+ 51. Kh3 Qh5+ 52. Kg3 Qg5+ 53. Kf2 Qf5+ 54. Ke3 Qe5+ 55. Kd3 Qd5+ 56. Kc3 a3 57. Qc8+ Kd6 58. Qd7+ Ke5 59. Qxd5+ Kxd5 60. c7 a2 61. Kb2 Kd6 62. c8=Q Ke5 63. Kxa2 f5 64. Qf8 Kf4 65. Qg7 Ke4 66. Kb2 f4 67. Kc2 Ke3 68. Kd1 f3 69. gxf3 Kf2 70. Qe5 Kg2 71. f4 Kf1 1-0


[Site "https://www.chess.com"]

[Event "Titled Tuesday Blitz March 08 Late 2022"]
[White "Salinas Herrera, Pablo"]
[Black "Bortnyk, Olexandr"]
[WhiteFideId "3407128"]
[BlackFideId "14120828"]
[WhiteElo "2541"]
[BlackElo "2723"]
[Result "0-1"]
[Round "10"]
[TimeControl "180+1"]
[Date "2022.03.08"]
[WhiteClock "0:00:02"]
[BlackClock "0:00:06"]

1. d4 f5 2. Bf4 Nf6 3. e3 d6 4. c4 c6 5. Nc3 g6 6. h4 h6 7. Qc2 Bg7 8. Nf3 Be6 9. Bd3 d5 10. c5 Nbd7 11. Ne5 Nxe5 12. Bxe5 b6 13. cxb6 axb6 14. Bxf6 Bxf6 15. h5 Qd6 16. hxg6 f4 17. O-O-O b5 18. Kb1 fxe3 19. fxe3 Bg5 20. e4 dxe4 21. Bxe4 b4 22. Na4 O-O 23. b3 Rxa4 24. bxa4 Kg7 25. Qxc6 Bxa2+ 26. Kxa2 b3+ 27. Kb2 Qb4 28. Bf3 Bf4 29. Rd3 Rb8 30. Rhd1 Bd6 31. Re3 Qa3+ 32. Kc3 b2+ 33. Kd2 Qa2 0-1


[Site "https://www.chess.com"]

[Event "Titled Tuesday Blitz March 08 Late 2022"]
[White "Senft, Sean"]
[Black "Ishbaev, Alibek"]
[WhiteFideId "2044960"]
[BlackFideId "14205017"]
[WhiteElo "1881"]
[BlackElo "2352"]
[Result "1-0"]
[Round "10"]
[TimeControl "180+1"]
[Date "2022.03.09"]
[WhiteClock "0:02:35"]
[BlackClock "0:01:27"]

1. d4 g6 2. c4 Bg7 3. Nc3 c5 4. d5 Bxc3+ 5. bxc3 f5 6. e4 fxe4 7. f3 Qa5 8. Qc2 Nf6 9. fxe4 Nxe4 10. Bd2 Nxd2 11. Kxd2 d6 12. Bd3 Nd7 13. Nf3 Nf6 14. Rae1 Bg4 15. Ng5 O-O 16. Bxg6 hxg6 17. Qxg6+ Kh8 18. Rxe7 Qxa2+ 19. Kd3 Bf5+ 20. Qxf5 Qxg2 21. Rh7+ 1-0


[Site "https://www.chess.com"]

[Event "Titled Tuesday Blitz March 08 Late 2022"]
[White "Spitzl, Vinzent"]
[Black "Karttunen, Mika"]
[WhiteFideId "12901253"]
[BlackFideId "502081"]
[WhiteElo "2160"]
[BlackElo "2343"]
[Result "0-1"]
[Round "10"]
[TimeControl "180+1"]
[Date "2022.03.09"]
[WhiteClock "0:00:01"]
[BlackClock "0:00:04"]

1. e4 Nf6 2. e5 Nd5 3. d4 Nb6 4. Nf3 d6 5. Be2 dxe5 6. Nxe5 N8d7 7. Nxd7 Bxd7 8. O-O g6 9. Bf4 Bg7 10. c3 O-O 11. Bf3 c6 12. Nd2 Nd5 13. Bg3 a5 14. a4 Be6 15. Re1 Qd7 16. Qe2 Rfe8 17. Nc4 Qd8 18. Ne5 Nf6 19. Nd3 Bc4 20. Qc2 Bxd3 21. Qxd3 Nd5 22. h4 e6 23. h5 Qg5 24. hxg6 hxg6 25. Rad1 Rad8 26. Qe4 Bf6 27. Be2 Kg7 28. Qg4 Qh6 29. Bd3 Rh8 30. Kf1 Qh1+ 31. Ke2 Qxg2 32. Rg1 Qh3 33. Qf3 Qh5 34. Rh1 Qxf3+ 35. Kxf3 Rxh1 36. Rxh1 Be7 37. Be5+ f6 38. Bf4 Bd6 39. Bd2 Ne7 40. Bh6+ Kf7 41. Bd2 Rg8 42. Rh7+ Rg7 43. Rh8 Rg8 44. Rh7+ Ke8 45. Bc4 Kd7 46. Rf7 g5 47. Rxf6 g4+ 48. Ke2 Nd5 49. Rf7+ Be7 50. Bd3 Ke8 51. Rh7 Rf8 52. Be4 Nf4+ 53. Bxf4 Rxf4 54. Bd3 Rf8 55. Bg6+ Kd7 56. Rg7 Kd6 57. Be4 Rf4 58. Ke3 Rf8 59. Rxg4 Rh8 60. Rg1 Rh3+ 61. Bf3 Bf8 62. Rg3 Bh6+ 63. Ke2 Rh4 64. Rg4 Rh2 65. Rg1 Bf8 66. Rf1 Be7 67. Bg4 Bh4 68. Kf3 Bg5 69. Re1 Rh6 70. Kg3 Rf6 71. f3 b6 72. Kg2 Bf4 73. Kf2 Rh6 74. Rg1 Rh2+ 75. Rg2 Rh1 76. Ke2 Rb1 77. Kd3 Ra1 78. b3 b5 79. axb5 cxb5 80. Re2 e5 81. dxe5+ Bxe5 82. c4 a4 83. bxa4 bxa4 0-1


[Site "https://www.chess.com"]

[Event "Titled Tuesday Blitz March 08 Late 2022"]
[White "Stoleriu, George"]
[Black "Thavandiran, Shiyam"]
[WhiteFideId "1227505"]
[BlackFideId "2605058"]
[WhiteElo "2203"]
[BlackElo "2357"]
[Result "0-1"]
[Round "10"]
[TimeControl "180+1"]
[Date "2022.03.08"]
[WhiteClock "0:00:06"]
[BlackClock "0:00:05"]

1. e4 c6 2. Nf3 d5 3. exd5 cxd5 4. Ne5 Nf6 5. d4 Nc6 6. Bb5 Bd7 7. Nxd7 Qxd7 8. c3 e6 9. O-O Bd6 10. Nd2 O-O 11. Qe2 h6 12. Nf3 Qc7 13. Re1 a6 14. Bd3 b5 15. Ne5 b4 16. Ng4 Nxg4 17. Qxg4 f5 18. Qh3 Rf6 19. Bd2 bxc3 20. bxc3 Ne7 21. Rab1 Ng6 22. Rb3 a5 23. a4 Nf4 24. Bxf4 Bxf4 25. g3 Bd6 26. f4 g5 27. fxg5 hxg5 28. Qh5 Qg7 29. Reb1 Rh6 30. Qf3 g4 31. Qf2 f4 32. Rb7 Qg5 33. R1b6 Rd8 34. Kg2 Rf6 35. Qe2 f3+ 36. Kf1 fxe2+ 37. Kxe2 Rf7 38. Kd1 Rxb7 39. Rxb7 Qf6 40. Kc2 Qf2+ 41. Kb3 Qe3 42. Bb5 Kf8 43. Rh7 Bb4 44. Rh8+ Ke7 45. Rh7+ Kd6 46. Ka2 Qxc3 0-1


[Site "https://www.chess.com"]

[Event "Titled Tuesday Blitz March 08 Late 2022"]
[White "Suarez Uriel, Adrian"]
[Black "Jaferian, Koosha"]
[WhiteFideId "22230874"]
[BlackFideId "12507440"]
[WhiteElo "2316"]
[BlackElo "2030"]
[Result "0-1"]
[Round "10"]
[TimeControl "180+1"]
[Date "2022.03.08"]
[WhiteClock "0:02:18"]
[BlackClock "0:02:04"]

1. e4 c6 2. Nf3 d5 3. d3 g6 4. e5 Bg7 5. d4 Bf5 6. h3 c5 7. dxc5 Nc6 8. Bb5 Qc7 9. O-O Be4 10. Nc3 Bxf3 11. Qxf3 e6 12. Bf4 Ne7 13. Rfe1 O-O 14. a3 Nd4 15. Qd3 Qxc5 16. b4 Qb6 17. Na4 Qxb5 18. Qxd4 Qxa4 0-1


[Site "https://www.chess.com"]

[Event "Titled Tuesday Blitz March 08 Late 2022"]
[White "Supatashvili, Khvicha"]
[Black "Kopczynski, Michal"]
[WhiteFideId "13600664"]
[BlackFideId "1124200"]
[WhiteElo "2689"]
[BlackElo "2235"]
[Result "1/2-1/2"]
[Round "10"]
[TimeControl "180+1"]
[Date "2022.03.08"]
[WhiteClock "0:00:05"]
[BlackClock "0:00:08"]

1. e4 c5 2. Nf3 d6 3. Bb5+ Nc6 4. O-O g6 5. c3 Bg7 6. d4 cxd4 7. cxd4 Bd7 8. Nc3 Nf6 9. e5 dxe5 10. d5 Nd4 11. Nxd4 exd4 12. Qxd4 O-O 13. Rd1 Bg4 14. Be2 Bxe2 15. Nxe2 Qd7 16. Nc3 Rfd8 17. Bf4 Qf5 18. Be5 Rac8 19. h3 b5 20. a3 Rc4 21. Qe3 Ng4 22. hxg4 Qxe5 23. Qxe5 Bxe5 24. Nxb5 a6 25. Na7 Bxb2 26. Ra2 Rc1 27. Rxc1 Bxc1 28. Nc6 Rd7 29. a4 Kf8 30. Rc2 Bf4 31. Rc5 e6 32. g3 Bd6 33. Ra5 exd5 34. Rxd5 Ke8 35. Ra5 Rc7 36. Rxa6 Kd7 37. Nb8+ Ke6 38. Nc6 Kd5 39. Na7 Rc1+ 40. Kg2 Bc5 41. f4 Rc2+ 42. Kf1 Ra2 43. Nb5 Ra1+ 44. Ke2 Ke4 45. Nd6+ Kd5 46. Nxf7 Ke4 47. Re6+ Kd5 48. Re5+ Kd4 49. Ng5 Ra2+ 50. Kd1 Kd3 51. Rd5+ Bd4 52. Rxd4+ Kxd4 53. Nxh7 Kd3 54. Ke1 Ra1+ 55. Kf2 Rxa4 56. Kf3 Ra3 57. g5 Kd4+ 58. Kg4 Kd5 59. Nf8 Ra6 60. Nh7 Ke6 61. Nf6 Kf7 62. Ne4 Ra1 63. Nd6+ Kg7 64. Nc4 Rb1 65. Ne5 Ra1 66. Kf3 Ra3+ 67. Kg2 Ra1 68. Kh3 Ra2 69. Kg4 Ra1 70. Nf3 Ra2 71. Nd4 Ra1 72. Ne6+ Kf7 73. Nc5 Kg7 74. Ne4 Ra4 75. Nf6 Ra3 76. Kh4 Ra1 77. g4 Rh1+ 78. Kg3 Rg1+ 79. Kf3 Ra1 80. Nd5 Ra3+ 81. Ne3 Ra4 82. Nd5 Ra3+ 83. Ke4 Ra4+ 84. Ke5 Ra5 85. f5 gxf5 86. gxf5 Ra1 87. Nf6 Re1+ 88. Ne4 Rf1 89. g6 Re1 90. Kf4 Rf1+ 91. Kg5 Re1 92. f6+ Kf8 93. Nd6 Rg1+ 94. Kf5 Rf1+ 95. Ke5 Re1+ 96. Ne4 Kg8 97. Kf5 Rf1+ 98. Ke6 Re1 99. Ke5 Kf8 100. Kf5 Rf1+ 101. Kg5 Rg1+ 102. Kh6 Rh1+ 103. Kg5 Rg1+ 104. Kf5 Rf1+ 105. Ke5 Re1 106. g7+ Kf7 107. Kf5 Rf1+ 108. Ke5 Re1 109. Kd5 Rd1+ 110. Kc6 Re1 111. Nd6+ Kg8 112. Kd7 Rd1 113. Ke7 Re1+ 114. Kd7 Rd1 115. Ke6 Re1+ 116. Kf5 Rf1+ 117. Ke5 Re1+ 118. Kd5 Rf1 119. Ke6 Re1+ 120. Kf5 Rf1+ 121. Ke5 Re1+ 122. Ne4 Re2 123. Kf5 Re3 124. Ng5 Re1 125. Kg6 Rf1 126. Ne6 Rg1+ 127. Kf5 Rf1+ 128. Nf4 Rf2 129. Ke5 Rf1 130. Ne6 Re1+ 131. Kf5 Rf1+ 132. Nf4 Rf2 133. Kg5 Rf1 134. Kf5 1/2-1/2


[Site "https://www.chess.com"]